 Dungeon Crawl Stone Soup version 0.21.1-1-g345015f (webtiles) character file.

8078 teukkam the Grappler (level 11, -1/117 HPs)
             Began as a Troll Monk on July 3, 2018.
             Was a Believer of Jiyva.
             Slain by Th3D0c's ghost (13 damage)
             ... on level 11 of the Dungeon on July 4, 2018.
             The game lasted 00:42:56 (5934 turns).

teukkam the Grappler (Troll Monk)                   Turns: 5934, Time: 00:42:57

Health: -1/117     AC:  6    Str: 22    XL:     11   Next: 5%
Magic:  23/23      EV:  7    Int:  6    God:    Jiyva [**....]
Gold:   534        SH:  8    Dex: 14    Spells: 15/16 levels left

rFire    . . .     SeeInvis +     - Unarmed
rCold    . . .     Gourm    +   z - +1 shield (curse)
rNeg     . . .     Faith    .   a - +0 robe
rPois    .         Spirit   .   (helmet restricted)
rElec    .         Reflect  .   p - +0 cloak
rCorr    .         Harm     +   (gloves unavailable)
MR       .....                  (boots unavailable)
Stlth    ++........             D - amulet of harm
HPRegen  0.69/turn              c - ring of see invisible
MPRegen  0.18/turn              t - ring of magical power

@: about to teleport
A: large, unfitting armour, claws 3, fast metabolism 3, gourmand, regeneration
1, shaggy fur 1, tough skin 2
a: Request Jelly, Renounce Religion


You were on level 11 of the Dungeon.
You worshipped Jiyva.
Jiyva was pleased with you.
You were not hungry.

You visited 2 branches of the dungeon, and saw 16 of its levels.

You collected 534 gold pieces.

Inventory:

Hand Weapons
 b - a +3 spear of venom
 l - a +3 dagger of chaos
 o - a +1 dagger of freezing
 u - a +0 scimitar of flaming
 y - a +1 falchion of draining
Missiles
 d - 8 silver tomahawks
 w - 6 tomahawks (quivered)
 x - a throwing net
Armour
 a - a +0 robe (worn)
 p - a +0 cloak (worn)
 z - a cursed +1 shield (worn)
Jewellery
 c - a ring of see invisible (left claw)
 h - an uncursed ring of positive energy
 i - an uncursed ring of flight
 k - an uncursed amulet of magic regeneration
 n - an uncursed ring of resist corrosion
 r - an uncursed ring of fire
 t - a ring of magical power (right claw)
 D - an amulet of harm (around neck)
Wands
 e - a wand of polymorph (10)
Scrolls
 f - 5 scrolls of identify
 g - 4 scrolls of amnesia
 j - 3 scrolls of fear
 m - a scroll of teleportation
 q - a scroll of blinking {unknown}
 s - 3 scrolls of remove curse {unknown}
 E - a scroll of enchant weapon
 F - a scroll of enchant armour
Potions
 C - 2 potions of flight
Books
 B - a book of Cantrips

   Spells                             Type                      Level
   a - Confusing Touch                Hexes                        1
   b - Animate Skeleton               Necromancy                   1
   c - Summon Small Mammal            Summoning                    1
   d - Apportation                    Translocation                1
Miscellaneous
 A - a sack of spiders
Comestibles
 v - 6 rations


   Skills:
 + Level 10.0 Fighting
 - Level 2.4 Dodging
 - Level 1.0 Stealth
 - Level 10.7 Unarmed Combat
 + Level 3.0 Spellcasting
 + Level 3.3 Hexes


You had 15 spell levels left.
You knew the following spells:

 Your Spells              Type           Power        Failure   Level  Hunger
a - Confusing Touch       Hex            #.....       54%         1    ##.....


Dungeon Overview and Level Annotations

Branches:
Dungeon (11/15)            Temple (0/1) D:6            Lair (5/6) D:11
  Slime (0/5) Lair:5
  Swamp: Lair:2-4    Shoals: Lair:2-4     Snake: Lair:2-4    Spider: Lair:2-4
    Orc: D:9-12

Altars:
Fedhas
Gozag
Nemelex Xobeh
Okawaru
Trog
Wu Jian
Jiyva

Shops:
D:5 [   D:6 :

Annotations:
D:11 Th3D0c's ghost, journeyman MiBe


Innate Abilities, Weirdness & Mutations

You are too large for most types of armour.
You have claws for hands.
Your metabolism is lightning-fast.
You like to eat raw meat.
Your natural rate of healing is unusually fast.
You are covered in fur. (AC +1)
You have very tough skin. (AC +2)


Message History

You scratch Th3D0c's ghost but do no damage.
Th3D0c's ghost is lightly damaged.
Th3D0c's ghost hits you.
You mangle Th3D0c's ghost!!
Th3D0c's ghost is moderately damaged.
Th3D0c's ghost hits you.
You claw Th3D0c's ghost!
Th3D0c's ghost is heavily damaged.
Th3D0c's ghost hits you!!
* * * LOW HITPOINT WARNING * * *
x2 You scratch Th3D0c's ghost but do no damage.
Th3D0c's ghost is heavily damaged.
You mangle Th3D0c's ghost!!
Th3D0c's ghost is severely damaged.
You block Th3D0c's ghost's attack.
Okay, then.
Th3D0c's ghost barely misses you.
As you read the scroll of teleportation, it crumbles to dust.
You feel strangely unstable. Th3D0c's ghost hits you!
You die...

...............#
#.#....#.......#
#.#.....#########
#.#..#.##..###.)#
.#J.#.##..#(#..#
#.####.###'''''##
#.......#.......#
######.#..#####.######.###.
...............@W5........
#####.###############.###?
#.. #.# ###


You could see Th3D0c's ghost and a crimson imp.

Vanquished Creatures
  Erica (D:9)
  An unseen horror (D:11)
  Psyche (D:9)
  4 spiny frogs
  4 hippogriffs
  A blink frog (Lair:5)
  Sigmund (D:2)
  A shadow (D:11)
  A water moccasin (D:7)
  4 porcupines
  An orc warrior (D:8)
  A hornet zombie (D:7)
  2 sky beasts
  A phantom (D:6)
  A necrophage (D:9)
  2 ogres
  2 centaurs
  2 wolves (Lair:3)
  2 crocodiles
  2 big kobolds
  5 bullfrogs
  Blork the orc (D:6)
  A wyvern zombie (D:8)
  3 scorpions
  A wyvern skeleton (D:11)
  A howler monkey (D:6)
  4 crimson imps
  2 bullfrog zombies
  2 orc priests
  A hound (D:7)
  3 jellies
  7 orc wizards
  4 centaur skeletons
  Terence (D:2)
  5 worker ants
  A hound zombie (D:11)
  A spectral worker ant (D:11)
  A hound skeleton (D:6)
  Robin (D:4)
  2 gnolls (D:10)
  13 adders
  A shadow imp (D:6)
  An ooze (D:3)
  3 worms
  3 dart slugs
  2 leopard geckos
  14 orcs
  A giant cockroach (D:3)
  4 hobgoblins
  4 jackals
  18 kobolds
  3 quokkas
  A ball python (D:2)
  5 bats
  3 frilled lizards
  16 goblins
  A leopard gecko skeleton (D:4)
  A leopard gecko zombie (D:5)
  2 rats
178 creatures vanquished.

Vanquished Creatures (collateral kills)
  A black mamba (Lair:5)
  2 blink frogs (Lair:5)
3 creatures vanquished.

Vanquished Creatures (others)
  A centaur (D:11)
  7 jellies
  3 orcs (D:11)
  4 fungi
  3 plants (Lair:2)
  74 toadstools
92 creatures vanquished.

Grand Total: 273 creatures vanquished

Notes
Turn   | Place    | Note
-------+----------+-------------------------------------------
     0 | D:1      | teukkam the Troll Monk began the quest for the Orb.
     0 | D:1      | Reached XP level 1. HP: 22/22 MP: 0/0
   107 | D:2      | Noticed Sigmund
   135 | D:3      | Noticed an orc priest
   146 | D:2      | Reached XP level 2. HP: 27/29 MP: 1/1
   180 | D:2      | Found a faded altar of an unknown god.
   192 | D:2      | Reached XP level 3. HP: 35/37 MP: 2/2
   288 | D:2      | Became a worshipper of Fedhas Madash
   288 | D:2      | Reached * piety under Fedhas
   288 | D:2      | Reached ** piety under Fedhas
   391 | D:2      | Noticed Terence
   411 | D:2      | Killed Terence
   411 | D:2      | Reached XP level 4. HP: 23/45 MP: 3/3
   563 | D:2      | Killed Sigmund
   563 | D:2      | Reached skill level 5 in Unarmed Combat
   563 | D:2      | Reached XP level 5. HP: 48/54 MP: 4/4
   581 | D:2      | Reached XP level 6. HP: 62/62 MP: 5/5
   589 | D:1      | Reached *** piety under Fedhas
  1786 | D:4      | Reached **** piety under Fedhas
  1936 | D:4      | Noticed Robin
  1942 | D:4      | Killed Robin
  2045 | D:5      | Entered Level 5 of the Dungeon
  2100 | D:5      | Reached skill level 5 in Fighting
  2110 | D:5      | Reached XP level 7. HP: 67/72 MP: 6/6
  2190 | D:5      | You fall through a shaft!
  2190 | D:6      | Noticed Blork the orc
  2520 | D:5      | Found an ornate altar of the Wu Jian Council.
  2539 | D:5      | Found Ydwis Deq's Antique Armour Shoppe.
  2766 | D:6      | Killed Blork the orc
  2845 | D:6      | Reached XP level 8. HP: 63/83 MP: 7/7
  2926 | D:6      | Found a staircase to the Ecumenical Temple.
  2949 | D:6      | Found Ibla's Book Boutique.
  2986 | D:7      | Found an opulent altar of Gozag.
  3014 | D:7      | Found a sparkling altar of Nemelex Xobeh.
  3087 | D:7      | Noticed a hippogriff
  3096 | D:7      | Killed a hippogriff
  3189 | D:7      | Found a bloodstained altar of Trog.
  3638 | D:8      | Reached XP level 9. HP: 93/93 MP: 8/8
  4274 | D:9      | Noticed Psyche
  4280 | D:9      | Killed Psyche
  4282 | D:9      | Reached skill level 10 in Unarmed Combat
  4309 | D:9      | Noticed Erica
  4320 | D:9      | Killed Erica
  4403 | D:10     | Entered Level 10 of the Dungeon
  4447 | D:10     | Noticed a kobold demonologist
  4489 | D:10     | Found an iron altar of Okawaru.
  4517 | D:11     | Reached XP level 10. HP: 95/107 MP: 9/9
  4581 | D:11     | Reached ***** piety under Fedhas
  4633 | D:11     | Learned a level 1 spell: Confusing Touch
  4634 | D:11     | Found a staircase to the Lair.
  4649 | Lair:1   | Entered Level 1 of the Lair of Beasts
  4784 | Lair:2   | Noticed a spiny frog
  4787 | Lair:2   | Noticed a spiny frog
  4788 | Lair:2   | Noticed a spiny frog
  4929 | Lair:3   | Reached skill level 1 in Hexes
  4961 | Lair:5   | Noticed a black mamba
  4977 | Lair:5   | Killed a black mamba
  4977 | Lair:5   | Reached skill level 1 in Spellcasting
  5108 | Lair:5   | Noticed a spiny frog
  5125 | Lair:5   | Killed a spiny frog
  5150 | Lair:5   | Found a viscous altar of Jiyva.
  5151 | Lair:5   | Found a staircase to the Slime Pits.
  5158 | Lair:5   | Fell from the grace of Fedhas
  5158 | Lair:5   | Became a worshipper of Jiyva Jolicozo the Shapeless
  5241 | Lair:3   | Noticed a spiny frog
  5253 | Lair:3   | Killed a spiny frog
  5346 | Lair:2   | Killed a spiny frog
  5413 | Lair:2   | Noticed a spiny frog
  5430 | Lair:2   | Killed a spiny frog
  5728 | D:11     | Reached * piety under Jiyva
  5804 | D:11     | Noticed an unseen horror
  5808 | D:11     | Killed an unseen horror
  5808 | D:11     | Reached skill level 10 in Fighting
  5809 | D:11     | Noticed an orange demon
  5861 | D:11     | Reached XP level 11. HP: 104/117 MP: 14/14
  5884 | D:11     | Reached ** piety under Jiyva
  5919 | D:11     | Noticed Th3D0c's ghost (journeyman MiBe)
  5934 | D:11     | Slain by Th3D0c's ghost

Skill      XL: |  1  2  3  4  5  6  7  8  9 10 11 |
---------------+----------------------------------+-----
Fighting       | 3 4 5 6 7 9 10 | 10.0
Unarmed Combat | 4 5 6 7 8 10 | 10.7
Hexes          | 3 |  3.3
Spellcasting   | 2 3 |  3.0
Dodging        | |  2.4
Stealth        | |  1.0

Action                   |  1- 3 |  4- 6 |  7- 9 | 10-12 || total
-------------------------+-------+-------+-------+-------++-------
Melee: Unarmed           |    64 |   144 |   192 |    99 ||   499
       Punch             |     2 |     3 |     9 |       ||    14
       Spear             |       |       |     8 |       ||     8
Throw: Tomahawk          |       |     3 |    17 |     6 ||    26
Invok: Fungal Bloom      |     1 |    17 |    14 |     2 ||    34
       Evolution         |       |       |       |     1 ||     1
Evoke: Wand              |       |       |     1 |     1 ||     2
  Use: Potion            |       |       |     3 |     1 ||     4
       Scroll            |       |       |     7 |     4 ||    11
 Stab: Sleeping          |     2 |     5 |     2 |       ||     9
       Invisible         |       |       |     1 |       ||     1
  Eat: Chunk             |     9 |    10 |    15 |     5 ||    39
       Ration            |       |       |     3 |     1 ||     4
Armor: Robe              |    23 |    49 |    48 |    16 ||   136
Dodge: Dodged            |    31 |    59 |    73 |    25 ||   188
Block: Shield            |       |       |    12 |    34 ||    46
